 Dungeon Crawl Stone Soup version 0.21-a0-153-g78480df (webtiles) character file.

457 grisnicke the Skirmisher (level 7, -1/94 HPs)
             Began as a Hill Orc Arcane Marksman on July 31, 2017.
             Succumbed to a water moccasin's poison
             ... on level 5 of the Dungeon.
             The game lasted 00:26:08 (4924 turns).

grisnicke the Skirmisher (Hill Orc Arcane Marksman) Turns: 4924, Time: 00:26:08

Health: -1/94      AC:  9    Str: 20    XL:     7   Next: 6%
Magic:  8/8        EV:  8    Int: 13    God:
Gold:   68         SH:  0    Dex: 11    Spells: 7/8 levels left

rFire    . . .     SeeInvis .   w - +0 morningstar
rCold    . . .     Gourm    .   (no shield)
rNeg     . . .     Faith    .   r - +0 chain mail
rPois    .         Spirit   .   t - +0 helmet
rElec    .         Reflect  .   D - scarf {cloud immunity}
rCorr    .         Harm     .   (no gloves)
MR       .....                  (no boots)
Stlth    ..........             (no amulet)
HPRegen  0.25/turn              (no ring)
MPRegen  0.11/turn              (no ring)

@: berserking, lethally poisoned (-1 -> -30), very quick
A: no striking features
a: no special abilities


You were on level 5 of the Dungeon.
You were not hungry.

You visited 1 branch of the dungeon, and saw 5 of its levels.

You collected 224 gold pieces.
You spent 156 gold pieces at shops.

Inventory:

Hand Weapons
 a - a +0 hand crossbow
 b - a +1 dagger of venom
   (You took it off a goblin on level 1 of the Dungeon)
 w - a +0 morningstar (weapon)
   (You took it off an orc on level 4 of the Dungeon)
 z - a +0 war axe
   (You found it on level 4 of the Dungeon)
Missiles
 d - 12 bolts
 g - 21 poisoned needles
 h - 64 stones (quivered)
 m - 94 arrows
 u - 15 sling bullets
Armour
 r - a +0 chain mail (worn)
   (You took it off Terence on level 2 of the Dungeon)
 t - a +0 helmet (worn)
   (You found it on level 2 of the Dungeon)
 D - a scarf of cloud immunity (worn)
   (You found it on level 4 of the Dungeon)
Wands
 n - a wand of iceblast (8/15)
   (You found it on level 2 of the Dungeon)
 q - a wand of random effects (18/48)
   (You found it on level 2 of the Dungeon)
 E - a wand of flame (24/48)
   (You found it on level 4 of the Dungeon)
Scrolls
 e - 2 scrolls of fog {unknown}
 o - a scroll of enchant weapon
 p - 2 scrolls of magic mapping {!r}
 s - 2 scrolls of teleportation {unknown}
 v - 2 scrolls of enchant armour {unknown}
 y - a scroll of fear {unknown}
 A - 3 scrolls of amnesia
 J - a scroll of immolation {unknown}
 L - a scroll of remove curse
Potions
 j - a potion of brilliance
 k - 2 potions of agility
 l - a potion of heal wounds
 x - 3 potions of curing
 B - a potion of might
 G - a potion of invisibility
 H - 2 potions of lignification {!q}
 I - a potion of flight
 M - a potion of ambrosia
Books
 c - a book of Debilitation
Comestibles
 f - 6 bread rations {@e1}
 C - a royal jelly
 K - 2 chunks of flesh {@w0}


   Skills:
 - Level 6.0 Fighting
 + Level 1.9 Maces & Flails
 - Level 4.4 Crossbows
 - Level 0.7 Armour
 - Level 1.5 Dodging
 - Level 1.0 Spellcasting
 - Level 3.0 Hexes


You had 7 spell levels left.
You knew the following spells:

 Your Spells              Type           Power        Failure   Level  Hunger
v - Corona                Hex            #......      69%         1    ##.....


Dungeon Overview and Level Annotations

Branches:
Dungeon (5/15)
 Temple: D:4-7

Altars:
Gozag
The Shining One

Shops:
D:4 !**%=

Annotations:
D:3 grisnicke's ghost, amateur HuWn


Message History

You shoot a bolt.
The bolt barely misses the water moccasin.
Aim: a water moccasin You shoot a bolt.
The bolt barely misses the water moccasin.
The water moccasin barely misses you.
Here: a water moccasin The floor.
Wield which item (- for none, * to show all)? (? for menu, Esc to quit)
w - a +0 morningstar (weapon)
The water moccasin bites you.
You are poisoned.
The water moccasin poisons you!
You take 1 damage, and have 62/63 hp.
You puncture the water moccasin!
You feel sick. The water moccasin bites you.
You are more poisoned.
The water moccasin poisons you!
The water moccasin bites you but does no damage.
You take 3 damage, and have 59/63 hp.
You closely miss the water moccasin.
You feel sick.
The water moccasin bites you but does no damage.
The water moccasin bites you.
You take 3 damage, and have 56/63 hp.
You closely miss the water moccasin.
You feel very sick. The water moccasin bites you.
You take 6 damage, and have 50/63 hp.
You barely miss the water moccasin.
You feel sick.
The water moccasin bites you but does no damage.
The water moccasin bites you.
You are more poisoned.
The water moccasin poisons you!
You take 6 damage, and have 44/63 hp.
You miss the water moccasin.
You feel very sick. The water moccasin bites you.
You are more poisoned.
The water moccasin poisons you! The water moccasin bites you.
You take 8 damage, and have 36/63 hp.
You miss the water moccasin.
You feel very sick. The water moccasin bites you.
The water moccasin bites you but does no damage.
You take 7 damage, and have 29/63 hp.
Unknown command.
You closely miss the water moccasin.
You feel very sick. The water moccasin barely misses you.
The water moccasin bites you but does no damage.
You take 3 damage, and have 26/63 hp.
Really quaff
F - a potion of berserk rage {!q}?
A red film seems to cover your vision as you go berserk!
You feel yourself moving faster!
You feel mighty!
You feel very sick. The water moccasin bites you.
You are more poisoned.
The water moccasin poisons you!
The water moccasin bites you but does no damage.
Some of the chunks of flesh in your inventory have rotted away.
You now have 35/94 hp.
You barely miss the water moccasin.
You feel very sick.
The water moccasin bites you but does no damage.
You take 3 damage, and have 32/94 hp.
You closely miss the water moccasin.
You feel very sick. The water moccasin bites you!
* * * LOW HITPOINT WARNING * * *
You take 10 damage, and have 22/94 hp.
You closely miss the water moccasin.
* * * LOW HITPOINT WARNING * * *
You feel sick. The water moccasin bites you!
* * * LOW HITPOINT WARNING * * *
You are more poisoned.
The water moccasin poisons you! The water moccasin closely misses you.
You take 8 damage, and have 14/94 hp.
Your chain mail prevents you from hitting the water moccasin.
* * * LOW HITPOINT WARNING * * *
You feel very sick. The water moccasin misses you.
You take 4 damage, and have 10/94 hp.
Your chain mail prevents you from hitting the water moccasin.
* * * LOW HITPOINT WARNING * * *
You feel very sick. The water moccasin bites you.
* * * LOW HITPOINT WARNING * * *
You take 4 damage, and have 6/94 hp.
You miss the water moccasin.
* * * LOW HITPOINT WARNING * * *
You feel very sick. The water moccasin barely misses you.
The water moccasin bites you but does no damage.
You take 3 damage, and have 3/94 hp.
Your chain mail prevents you from hitting the water moccasin.
* * * LOW HITPOINT WARNING * * *
You feel sick.
The water moccasin bites you but does no damage.
You take 1 damage, and have 2/94 hp.
You miss the water moccasin.
You die...

#.# #.# #(# #.#
#######(#
#......(#
#......S#####.#
#......@§≈≈≈≈.§
#######
#.......≈####+#
......#
#.......##
#.###.#
#.......# #.#
#.# ###.###.#
#.# #.######.#
#.# #.#
#.#......###.#
#.#
#.......>....#
#.#
###......###.#


You could see a water moccasin.

Vanquished Creatures
  A big kobold (D:3)
  A scorpion (D:4)
  An orc wizard (D:5)
  A bullfrog skeleton (D:4)
  Terence (D:2)
  2 hound skeletons
  3 gnolls (D:2)
  8 adders
  An ooze (D:4)
  2 adder skeletons (D:4)
  4 worms
  2 dart slugs
  4 leopard geckos
  6 orcs
  4 giant cockroaches
  6 hobgoblins
  13 jackals
  8 kobolds
  A quokka (D:3)
  15 bats
  5 frilled lizards
  A giant cockroach zombie (D:5)
  9 goblins
  A jackal skeleton (D:4)
  A quokka skeleton (D:4)
  A quokka zombie (D:3)
  6 rats
108 creatures vanquished.

Notes
Turn   | Place    | Note
-------+----------+-------------------------------------------
     0 | D:1      | grisnicke the Hill Orc Arcane Marksman began the quest for the Orb.
     0 | D:1      | Reached XP level 1. HP: 16/16 MP: 2/2
   165 | D:1      | Reached skill level 2 in Crossbows
   285 | D:1      | Reached XP level 2. HP: 24/24 MP: 3/3
   388 | D:1      | Reached skill level 2 in Fighting
   700 | D:1      | Reached XP level 3. HP: 27/29 MP: 4/4
  1303 | D:2      | Reached skill level 3 in Crossbows
  1312 | D:2      | Reached skill level 3 in Fighting
  1312 | D:2      | Reached XP level 4. HP: 35/38 MP: 5/5
  1409 | D:2      | Found an opulent altar of Gozag.
  1804 | D:2      | Noticed Terence
  1815 | D:2      | Killed Terence
  1815 | D:2      | Reached XP level 5. HP: 40/46 MP: 6/6
  1942 | D:2      | Reached skill level 4 in Fighting
  2381 | D:3      | Noticed a big kobold
  2392 | D:3      | Killed a big kobold
  2392 | D:3      | Reached skill level 4 in Crossbows
  2457 | D:3      | Found a glowing golden altar of the Shining One.
  2516 | D:3      | Noticed grisnicke's ghost (amateur HuWn)
  2663 | D:3      | Reached XP level 6. HP: 52/53 MP: 7/7
  3734 | D:4      | Reached skill level 5 in Fighting
  3887 | D:4      | Found Egryin's Jewellery Boutique.
  4154 | D:4      | Found Fyibeap's Food Shoppe.
  4315 | D:4      | Found Zeich's Assorted Antiques.
  4390 | D:4      | Found Agiziqog's Distillery.
  4429 | D:4      | Bought a potion of berserk rage for 60 gold pieces
  4429 | D:4      | Bought a potion of invisibility for 96 gold pieces
  4444 | D:4      | Found Vomoomi's General Store.
  4476 | D:4      | Reached skill level 6 in Fighting
  4593 | D:5      | Entered Level 5 of the Dungeon
  4735 | D:5      | Reached skill level 1 in Maces & Flails
  4735 | D:5      | Reached XP level 7. HP: 57/63 MP: 8/8
  4918 | D:5      | HP: 22/94 [water moccasin (7)]
  4920 | D:5      | HP: 10/94 [poisoned by a water moccasin]
  4922 | D:5      | HP: 3/94 [poisoned by a water moccasin]
  4924 | D:5      | Succumbed to a water moccasin's poison

Vault maps used:
D:1:      dpeg_arrival_fog
D:2:      nicolae_overflow_crystal_walls, uniq_terence
D:3:      nicolae_tso_carved_into_rock
D:4:      first_bread, serial_shops, kennysheep_little_box, shop, shop_statue,
          shop, shop
D:5:      lightli_temple_of_fire

Skill      XL: |  1  2  3  4  5  6 |
---------------+-------------------+-----
Crossbows      | 2 3 4 |  4.4
Fighting       | 2 3 4 6 |  6.0
Maces & Flails | 1 |  1.9
Armour         | |  0.7
Dodging        | |  1.5
Spellcasting   | |  1.0
Hexes          | |  3.0

Action                   |  1- 3 |  4- 6 |  7- 9 || total
-------------------------+-------+-------+-------++-------
Melee: Dagger            |    62 |   243 |       ||   305
       Short sword       |     5 |       |       ||     5
       Morningstar       |       |    35 |    29 ||    64
 Fire: Hand crossbow     |    34 |    33 |     3 ||    70
 Cast: Corona            |     1 |       |       ||     1
Evoke: Wand              |       |     3 |       ||     3
  Use: Scroll            |       |    15 |     1 ||    16
       Potion            |       |       |     1 ||     1
  Eat: Chunk             |     1 |    11 |     1 ||    13
Armor: Leather armour    |    15 |     4 |       ||    19
       Chain mail        |       |   141 |    19 ||   160
Dodge: Dodged            |    51 |    87 |     8 ||   146

Vault maps used:
D:1:      dpeg_arrival_fog
D:2:      nicolae_overflow_crystal_walls, uniq_terence
D:3:      nicolae_tso_carved_into_rock
D:4:      first_bread, serial_shops, kennysheep_little_box, shop, shop_statue,
          shop, shop
D:5:      lightli_temple_of_fire

Table legend:
 A = Turns spent in this place as a percentage of turns spent in the entire game.
 B = Non-inter-level travel turns spent in this place as a percentage of non-inter-level travel turns spent in the entire game.
 C = Inter-level travel turns spent in this place as a percentage of turns spent in this place.
 D = Turns resting spent in this place as a percentage of non-inter-level travel turns spent in this place.
 E = Turns spent auto-exploring this place as a percentage of non-inter-level travel turns spent in this place.
 F = Non-inter-level travel turns spent in this place divided by the number of levels of this place that you've seen.
                   A       B       C       D       E      F
               +-------+-------+-------+-------+-------+----------------------
         Total | 100.0 | 100.0 |   0.5 |   1.7 |   4.9 | 345.4
       Dungeon | 100.0 | 100.0 |   0.5 |   1.7 |   4.9 | 345.4
               +-------+-------+-------+-------+-------+----------------------

Table legend:
 A = Kills in this place as a percentage of kills in entire the game.
 B = Kills by you in this place as a percentage of kills by you in the entire game.
 C = Kills by friends in this place as a percentage of kills by friends in the entire game.
 D = Other kills in this place as a percentage of other kills in the entire game.
 E = Experience gained in this place as a percentage of experience gained in the entire game.
 F = Experience gained in this place divided by the number of levels of this place that you have seen.
                   A       B       C       D       E      F
               +-------+-------+-------+-------+-------+----------------------
         Total | 100.0 | 100.0 |  -nan |  -nan | 100.0 | 130.8
       Dungeon | 100.0 | 100.0 |  -nan |  -nan | 100.0 | 130.8
               +-------+-------+-------+-------+-------+----------------------
